 Dungeon Crawl Stone Soup version 0.27-a0-1272-g7c8ad2e407 (webtiles) character file.

Game seed: 14755993887828074902

35 UngaStrats the Skirmisher (level 3, 0/31 HPs)
             Began as a Demigod Fighter on June 10, 2021.
             Slain by Ijyb
             ... wielding a +0 club
              (3 damage)
             ... on level 1 of the Dungeon.
             The game lasted 00:11:15 (1809 turns).

UngaStrats the Skirmisher (Demigod Fighter)         Turns: 1809, Time: 00:11:16

Health: 0/31       AC: 12    Str: 21    XL:     3   Next: 4%
Magic:  5/5        EV:  3    Int: 10    God:
Gold:   53         SH:  9    Dex: 13    Spells: 2/2 levels left

rFire    . . .     SeeInvis .     - Unarmed
rCold    . . .     Faith    .   b - +0 kite shield
rNeg     . . .     Spirit   .   g - +0 plate armour
rPois    .         Reflect  .   (no helmet)
rElec    .         Harm     .   (no cloak)
rCorr    .         Rampage  .   d - +0 pair of gloves
Will     .....                  (no boots)
Stlth    ..........             (no amulet)
HPRegen  0.10/turn              (no ring)
MPRegen  0.09/turn              (no ring)

@: no status effects
A: high mp 1, forlorn
a: no special abilities


You were on level 1 of the Dungeon.
You visited 1 branch of the dungeon, and saw 2 of its levels.

You collected 53 gold pieces.

Inventory:

Armour
 a - a +0 scale mail
 b - a +0 kite shield (worn)
 d - a +0 pair of gloves (worn)
 g - a +0 plate armour (worn)
Scrolls
 e - 2 scrolls of teleportation {unknown}
 f - a scroll of fog {unknown}
Potions
 c - a potion of might
 h - a potion of cancellation {unknown}


   Skills:
 + Level 3.0 Fighting
 + Level 3.0 Armour
 + Level 3.0 Shields
 * Level 2.4 Unarmed Combat


You had 2 spell levels left.
You didn't know any spells.
Your spell library was empty.

Dungeon Overview and Level Annotations

Branches:
Dungeon (2/15)

Annotations:
D:1 Ijyb


Innate Abilities, Weirdness & Mutations

Your attributes grow dramatically as you level up.
You have an increased reservoir of magic. (+10% MP)
You shall have no god before yourself.


Message History

You block Ijyb's attack.
You hit Ijyb but do no damage.
Ijyb is heavily wounded.
Ijyb hits you with a +0 club.
* * * LOW HITPOINT WARNING * * *
Your shield and plate armour prevent you from hitting Ijyb.
Ijyb is heavily wounded.
Ijyb hits you with a +0 club.
* * * LOW HITPOINT WARNING * * *
Ijyb hits you but does no damage.
You barely miss Ijyb.
Ijyb is heavily wounded.
Ijyb hits you but does no damage.
You closely miss Ijyb.
Ijyb is heavily wounded.
Ijyb hits you but does no damage.
You closely miss Ijyb.
Ijyb is heavily wounded.
Ijyb hits you but does no damage.
You hit Ijyb.
Ijyb is heavily wounded.
You block Ijyb's attack.
You closely miss Ijyb.
Ijyb is heavily wounded.
Ijyb hits you but does no damage. You block Ijyb's attack.
You hit Ijyb but do no damage.
Ijyb is heavily wounded.
You block Ijyb's attack.
You hit Ijyb.
Ijyb is severely wounded.
Ijyb screams, "Me stronger than you!" Ijyb hits you with a +0 club.
* * * LOW HITPOINT WARNING * * *
You hit Ijyb but do no damage.
Ijyb is severely wounded.
You block Ijyb's attack.
You hit Ijyb.
Ijyb is severely wounded.
Ijyb hits you with a +0 club.
You die...

#.####.##.##..#.##.#..##########.
#..#####......#.##.#...##........
##.÷#....##...#.##.##..##.#######
###.....##...##.##.##..##........
..##÷####..####.#...#...#########
######..##.#........##..#
..'.....'..#.##...#)##..#
###.....####.######.##..##
........# #...g@........#
###.#.#############.###..#
....#.# #............#..# ....#.#
#..........#.##.## .####.#
############.##..# ......#
###...#....##.....#
#########...........#####.## #
##...#..<..#...## #..# #
##...###...###...####.# #


You could see Ijyb.

Vanquished Creatures
  3 ball pythons (D:1)
  2 endoplasms (D:1)
  A giant cockroach (D:1)
  8 goblins
  3 hobgoblins (D:1)
  3 jackals (D:1)
  4 frilled lizards (D:1)
  4 kobolds (D:1)
  3 rats (D:1)
31 creatures vanquished.

Notes
Turn   | Place    | Note
-------+----------+-------------------------------------------
     0 | D:1      | UngaStrats the Demigod Fighter began the quest for the Orb.
     0 | D:1      | Reached XP level 1. HP: 18/18 MP: 3/3
   362 | D:1      | Reached XP level 2. HP: 21/25 MP: 4/4
  1360 | D:2      | Noticed Ijyb
  1370 | D:2      | Reached XP level 3. HP: 28/31 MP: 5/5
  1692 | D:1      | HP: 1/31 [Ijyb/+0 club (4)]
  1809 | D:1      | Slain by Ijyb

Illustrated notes

Levels and vault maps discovered:
D:1:      dpeg_chamrin_arrival_tetris, layout_basic,
          wander_ebering_terrifying_dragon_lair
D:2:      kennysheep_the_goblin_king, layout_loops_corners,
          dilly_ecumenical_altar_fadedgnrine, st_stairs_11

Skill      XL: |  1  2 |
---------------+-------+-----
Unarmed Combat | 2 |  2.4
Fighting       | 3 |  3.0
Armour         | 3 |  3.0
Shields        | 3 |  3.0

Action                   || total
-------------------------++-------
Melee: Unarmed           ||   217
Armor: Scale mail        ||    35
       Plate armour      ||    51
Dodge: Dodged            ||    42
Block: Kite shield       ||    71

Table legend: (Time is in decaauts)
 A = Elapsed time spent in this place.
 B = Non-inter-level travel time spent in this place.
 C = Inter-level travel time spent in this place.
 D = Time resting spent in this place.
 E = Time spent auto-exploring this place.
 F = Levels seen in this place.
 G = Mean time per level.
                   A        B        C        D        E       F      G
               +--------+--------+--------+--------+--------+-----+--------+
         Total |   1844 |   1815 |     29 |    218 |   1105 |   2 |  922.0 |
       Dungeon |   1844 |   1815 |     29 |    218 |   1105 |   2 |  922.0 |
               +--------+--------+--------+--------+--------+-----+--------+

Top non-repeatable levels by time:
     D:1: 1713 daAuts
     D:2: 130 daAuts
